 Dungeon Crawl Stone Soup version 0.24-a0-176-gc3651c4 (webtiles) character file.

Game seed: 5319190098317128252

40 Lanoc the Chopper (level 3, 0/33 HPs)
             Began as a Hill Orc Monk on Mar 12, 2019.
             Was a Believer of Beogh.
             Slain by Ijyb
             ... wielding a +5 club
              (7 damage)
             ... on level 3 of the Dungeon.
             The game lasted 00:02:01 (1007 turns).

Lanoc the Chopper (Hill Orc Monk)                   Turns: 1007, Time: 00:02:02

Health: 0/33       AC:  2    Str: 14    XL:     3   Next: 50%
Magic:  3/3        EV: 13    Int: 10    God:    Beogh [**....]
Gold:   46         SH:  0    Dex: 13    Spells: 2/2 levels left

rFire    . . .     SeeInvis .   a - +0 hand axe
rCold    . . .     Gourm    .   (no shield)
rNeg     . . .     Faith    .   b - +0 robe
rPois    .         Spirit   .   (no helmet)
rElec    .         Reflect  .   (no cloak)
rCorr    .         Harm     .   (no gloves)
MR       .....                  (no boots)
Stlth    +++.......             (no amulet)
HPRegen  0.11/turn              f - ring of stealth
MPRegen  0.08/turn              (no ring)

@: no status effects
A: no striking features
a: Smiting, Renounce Religion


You were on level 3 of the Dungeon.
You worshipped Beogh.
Beogh was pleased with you.
You were not hungry.

You visited 1 branch of the dungeon, and saw 3 of its levels.

You collected 46 gold pieces.

Inventory:

Hand Weapons
 a - a +0 hand axe (weapon)
Armour
 b - a +0 robe (worn)
Jewellery
 f - a ring of stealth (left hand)
Scrolls
 d - 4 scrolls of teleportation {unknown}
 g - a scroll of magic mapping {unknown}
 j - a scroll of random uselessness {unknown}
Potions
 e - a potion of curing {unknown}
 h - a potion of magic {unknown}
Comestibles
 c - a ration


   Skills:
 + Level 4.0 Fighting
 * Level 4.9 Axes
 + Level 1.1 Armour
 + Level 2.7 Dodging
 - Level 1.5 Stealth


You had 2 spell levels left.
You didn't know any spells.
Your spell library was empty.

Dungeon Overview and Level Annotations

Branches:
Dungeon (3/15)

Altars:
Okawaru
Trog

Annotations:
D:3 Ijyb


Message History

Beogh accepts your kill.
You hit the goblin. Ijyb hits you with a +5 club. The goblin barely misses you.
You hit Ijyb but do no damage. You hit the goblin.
You kill the goblin!
Beogh accepts your kill. Ijyb completely misses you.
The goblin shoots a stone.
The stone closely misses you.
You hit Ijyb.
Ijyb is lightly wounded.
Ijyb zaps a wand.
The puff of flame hits you.
The goblin shoots a stone.
The stone hits you.
You barely miss Ijyb.
Ijyb is lightly wounded.
Ijyb hits you with a +5 club!
* * * LOW HITPOINT WARNING * * *
The goblin shoots a stone.
The stone hits you but does no damage.
You hit Ijyb.
Ijyb is moderately wounded.
Ijyb hits you with a +5 club!
You die...

..... #....#.#.#.##. #
#... ....###.#......
#.#... .... #.###.#..
#.#.>###.## #.###.#.#
......# .. #..... #..#$#
#..#.# #..#.# # #..#.#
##.#.^#.##### #..#.#
##.###@)g.?..# #..#.#
##.## #)g.....#####.....
#...###8.....8#.........
#.##.##..!..(.#.........
#.###.#8.....8#..<..#.##
#.##..#.......#.....#.##
#.##.##8.....8##........
#.##.##.......#######.##
#.....# #######.##


You could see Ijyb and a goblin.

Vanquished Creatures
  A gnoll (D:3)
  An orc (D:3)
  6 goblins
  A hobgoblin (D:3)
  7 jackals (D:2)
  2 bats
  A frilled lizard (D:3)
  2 kobolds (D:3)
  2 rats
23 creatures vanquished.

Vanquished Creatures (others)
  2 gnolls (D:3)
  An orc (D:3)
  A goblin (D:3)
  A bat (D:3)
  A rat (D:3)
6 creatures vanquished.

Grand Total: 29 creatures vanquished

Notes
Turn   | Place    | Note
-------+----------+-------------------------------------------
     0 | D:1      | Lanoc the Hill Orc Monk began the quest for the Orb.
     0 | D:1      | Reached XP level 1. HP: 19/19 MP: 1/1
   384 | D:2      | Reached XP level 2. HP: 26/27 MP: 2/2
   595 | D:3      | Became a worshipper of Beogh the Brigand
   595 | D:3      | Reached * piety under Beogh
   595 | D:3      | Reached ** piety under Beogh
   623 | D:3      | Found a bloodstained altar of Trog.
   623 | D:3      | Found an iron altar of Okawaru.
   720 | D:3      | Reached skill level 1 in Armour
   720 | D:3      | Reached XP level 3. HP: 17/33 MP: 3/3
   993 | D:3      | Noticed Ijyb
  1007 | D:3      | Slain by Ijyb

Levels and vault maps discovered:
D:1:      mushboom_english_gardens, layout_basic, tso_altar
D:2:      layout_loops_corners, glass_columns_a, uniq_jessica
D:3:      kennysheep_the_goblin_king, layout_loops_ring,
          chequers_temple_overflow_statue_of_worship, ebering_ghost_rock_garden,
          trog_wizard, uniq_robin, uniq_sigmund

Skill      XL: |  1  2  3 |
---------------+----------+-----
Armour         | 1 |  1.1
Fighting       | 4 |  4.0
Axes           | |  4.9
Dodging        | |  2.7
Stealth        | |  1.5

Action                   || total
-------------------------++-------
Melee: Hand axe          ||    84
Invok: Convert to Beogh  ||     1
 Stab: Sleeping          ||     5
Armor: Robe              ||    12
Dodge: Dodged            ||    60

Table legend:
 A = Non-vault XP
 B = Vault XP
 C = Vault XP percentage of total XP
 D = Non-vault monster count
 E = Vault monster count
 F = Vault count percentage of total count
                 A         B        C        D         E       F
            +---------+---------+-------+---------+---------+-------
      Total |      48 |      10 |  17.2 |      19 |       5 |  20.8
            +---------+---------+-------+---------+---------+-------
        D:1 |       1 |       0 |   0.0 |       1 |       0 |   0.0
        D:2 |      17 |       0 |   0.0 |       9 |       0 |   0.0
        D:3 |      30 |      10 |  25.0 |       9 |       5 |  35.7
            +---------+---------+-------+---------+---------+-------
